cohdb
Replays
Latest Replays
All Replays
Popular Replays
Top Player Replays
Match Explorer
How It Works
Community
CoH3 Stats
Reddit
Sign in to upload your games and track your stats! →
Sign in with Steam
Match 42221578
Unlisted
Match 42221578
Overview
Messages
Build Orders
End
Selects Italian Combined Arms Battlegroup
Selects Bersaglieri Squad
Bersaglieri Squad
Panzergrenadier Squad
Bersaglieri Squad
Bersaglieri Squad
Construct Light Support Kompanie
2.5-tonne Medical Truck
Fire Support Elements
Assault Mechanized Group
Flakvierling Half-track
Selects Bersaglieri Bolster
Selects Breda Model 30 Light Machine Guns
Bersaglieri Squad
Construct Mechanized Kompanie
Panzerjäger Mechanized Group
8 Rad Armored Car
Selects Semovente da 75/18 Assault Gun
Selects Carro Armato M13/40 Light Tank
Selects Pact of Steel
PATRICK KONTOL ! PSSI SAMPAH
XuZhongwei
0
0
Comments
sign in to comment!
No comments posted yet!